 Dungeon Crawl Stone Soup version 0.30-a0-859-gf88a04b62d (webtiles) character file.

Game seed: 5020312519611209045

29 Juicyj the Conjurer (level 3, -5/19 HPs)
             Began as a Deep Elf Conjurer on Mar 6, 2023.
             Slain by Terence
             ... wielding a +0 flail
              (8 damage)
             ... on level 2 of the Dungeon.
             The game lasted 00:02:27 (1163 turns).

Juicyj the Conjurer (Deep Elf Conjurer)             Turns: 1163, Time: 00:02:27

Health: -5/19      AC:  2    Str:  4    XL:     3   Next: 1%
Magic:  2/10       EV: 12    Int: 24    God:
Gold:   63         SH:  0    Dex: 13    Spells: 8/9 levels left

rFire   . . .      SeeInvis .    (no weapon)
rCold   . . .      Faith    .    (no shield)
rNeg    . . .      Spirit   .    a - +0 robe
rPois   .          Reflect  .    (no helmet)
rElec   .          Rampage  .    (no cloak)
rCorr   .                        (no gloves)
Will    .....                    (no boots)
Stlth   ++                       f - amulet of regeneration
HPRegen 1.03/turn                (no ring)
MPRegen 0.12/turn                (no ring)

@: no status effects
A: no striking features
a: no special abilities


You were on level 2 of the Dungeon.
You visited 1 branch of the dungeon, and saw 2 of its levels.

You collected 63 gold pieces.

Inventory:

Armour
 a - a +0 robe (worn)
Jewellery
 f - an amulet of regeneration (around neck)
Scrolls
 g - a scroll of fear {unknown}
Potions
 b - a potion of magic
 c - a potion of cancellation {unknown}
 d - a potion of heal wounds {unknown}


   Skills:
 + Level 3.0 Dodging
 + Level 3.0 Stealth
 + Level 3.5 Spellcasting
 + Level 4.7 Conjurations


You had 8 spell levels left.
You knew the following spells:

 Your Spells              Type           Power      Damage    Failure   Level
a - Magic Dart            Conj           100%       1d8       1%          1

Your spell library contained the following spells:

 Spells                   Type           Power      Damage    Failure   Level
 Searing Ray              Conj           52%        2d6       2%          2
 Momentum Strike          Conj/Tloc      30%        3d8       6%          2
 Dazzling Flash           Conj/Hex       30%        N/A       12%         3
 Blink                    Tloc           8%         N/A       16%         2
 Cigotuvi's Dreadful Rot  Necr/Pois/Air  8%         N/A       16%         2
 Lesser Beckoning         Tloc           8%         N/A       16%         2
 Ignite Poison            Fire/Tmut/Pois 4%         N/A       30%         3
 Fulminant Prism          Conj/Hex       7%         3d7       36%         4
 Iskenderun's Mystic Bla  Conj/Tloc      15%        2d5       36%         4
 Sticky Flame             Conj/Fire      15%        2d4       36%         4
 Dispel Undead            Necr           4%         3d7       71%         4
 Death Channel            Necr           2%         N/A       100%        6
 Ignition                 Fire           2%         3d3       100%        8


Dungeon Overview and Level Annotations

Branches:
Dungeon (2/15)

Altars:

Annotations:
D:2 Terence


Message History

A goblin comes into view. It is wielding a +0 club.
Found a stone staircase leading up.
Terence attacks as you move away! Terence barely misses you.
The goblin shouts!
Terence shouts, "ATTACK!!!"
The bat closely misses you. The bat hits you. The bat closely misses you.
The bat attacks as you move away! The bat hits you but does no damage.
The bat closely misses you. The bat barely misses you.
The bat attacks as you move away! The bat completely misses you.
The bat closely misses you.
Really walk into that dispersal trap?
You enter a dispersal trap!
Terence blinks!
The bat blinks!
The goblin blinks!
You blink.
A frilled lizard comes into view.
The magic dart hits the frilled lizard.
You kill the frilled lizard!
You are out of magic!
The bat misses you. The bat hits you but does no damage.
Found 6 gold pieces and a club.
The bat closely misses you. The bat hits you but does no damage.
Terence attacks as you move away! Terence hits you with a +0 flail!
The bat barely misses you. The bat barely misses you.
Terence attacks as you move away! Terence hits you with a +0 flail.
The bat hits you but does no damage. Terence attacks as you move away!
Terence barely misses you. The bat closely misses you.
There is a stone staircase leading up here.
Terence attacks as you move away! Terence closely misses you.
The bat barely misses you. Terence attacks as you move away!
Terence hits you with a +0 flail! The bat barely misses you.
Terence attacks as you move away! Terence hits you with a +0 flail!
* * * LOW HITPOINT WARNING * * *
Terence attacks as you move away! Terence hits you with a +0 flail!
You die...

# #....#######.# #........
.##@...........######........
..#............#..........### #
#.#..^.........#.####.#...### ..
#.#......).....'.............
...##.#..........<.#.####.#...###
..........................#...#).
...##.##.....#######.######(..#..
. #..#.......@@.<.....#.#......
...###.......g.b.....##.#.#..##..
...........<............†.#..##..
....#####.##...#.....[#.#.#.###..
... #.............#...#...)......
.. #.###.##.#....÷.[.#...#.#####
. #.....................).....#
#####.............#.##..#.#.#
............#.#.#...#.#..


You could see Terence, a goblin and a bat.

Vanquished Creatures
  An adder (D:2)
  A dart slug (D:2)
  2 endoplasms
  A goblin (D:2)
  2 hobgoblins
  2 kobolds (D:2)
  3 ball pythons
  3 bats (D:2)
  2 frilled lizards
  3 rats
20 creatures vanquished.

Notes
Turn   | Place    | Note
-------+----------+-------------------------------------------
     0 | D:1      | Juicyj the Deep Elf Conjurer began the quest for the Orb.
     0 | D:1      | Reached XP level 1. HP: 10/10 MP: 6/6
   812 | D:2      | Reached XP level 2. HP: 15/15 MP: 4/8
  1125 | D:2      | Noticed Terence
  1126 | D:2      | Reached XP level 3. HP: 19/19 MP: 8/10
  1163 | D:2      | Slain by Terence

Illustrated notes

Levels and vault maps discovered:
D:1:      dpeg_arrival_lava_altar, layout_loops_ring
D:2:      layout_basic, uniq_terence

Skill      XL: |  1  2 |
---------------+-------+-----
Stealth        | 3 |  3.0
Dodging        | 3 |  3.0
Spellcasting   | |  3.5
Conjurations   | |  4.7

Action                     || total
---------------------------++-------
   Cast: Magic Dart        ||    48
    Use: Potion            ||     1
 Armour: Robe              ||     6
  Dodge: Dodged            ||    19

Table legend: (Time is in decaauts)
 A = Elapsed time spent in this place.
 B = Non-inter-level travel time spent in this place.
 C = Inter-level travel time spent in this place.
 D = Time resting spent in this place.
 E = Time spent auto-exploring this place.
 F = Levels seen in this place.
 G = Mean time per level.
                   A        B        C        D        E       F      G
               +--------+--------+--------+--------+--------+-----+--------+
         Total |   1162 |   1105 |     57 |      0 |    979 |   2 |  581.0 |
       Dungeon |   1162 |   1105 |     57 |      0 |    979 |   2 |  581.0 |
               +--------+--------+--------+--------+--------+-----+--------+

Top non-repeatable levels by time:
     D:1: 773 daAuts
     D:2: 389 daAuts
